 Dungeon Crawl Stone Soup version 0.28.0-45-g0d030f2227 (webtiles) character file.

Game seed: 1585447958926551506

7488 NotAPresident the Blocker (level 10, 0/97 HPs)
             Began as a Minotaur Fighter on Apr 17, 2022.
             Was a High Priest of Okawaru.
             Slain by a 13-headed hydra (3 damage)
             ... in the Arena.
             The game lasted 01:29:34 (9438 turns).

NotAPresident the Blocker (Minotaur Fighter)        Turns: 9438, Time: 01:29:35

Health: 0/97       AC: 24    Str: 25    XL:     10   Next: 94%
Magic:  4/11       EV: 11    Int:  5    God:    Okawaru [*****.]
Gold:   412        SH:  9    Dex: 16    Spells: 9/9 levels left

rFire   . . .      SeeInvis .   a - +1 war axe
rCold   . . .      Faith    .   c - +0 buckler
rNeg    . . .      Spirit   .   D - +0 crystal plate armour
rPois   .          Reflect  .   (helmet restricted)
rElec   .          Harm     .   (no cloak)
rCorr   .          Rampage  .   w - +0 pair of gloves
Will    .....                   (no boots)
Stlth   ..........              (no amulet)
HPRegen 0.26/turn               V - +4 ring of evasion
MPRegen 0.12/turn               N - +6 ring of dexterity

@: heroic, hasted, studying Shields, invisible, duelling, very quick
A: horns 2, retaliatory headbutt
a: Renounce Religion, Heroism, Finesse, Duel


You were in the Arena.
You worshipped Okawaru.
Okawaru was extremely pleased with you.
You visited 3 branches of the dungeon, and saw 10 of its levels.

You collected 412 gold pieces.

Inventory:

Hand Weapons
 a - a +1 war axe (weapon)
 m - a +3 dagger of draining
 o - a +2 mace of holy wrath
 L - a +2 dire flail of protection
 P - a +3 shortbow
Missiles
 h - 183 arrows
 p - 323 stones
 r - 2 boomerangs
 S - 3 javelins
Armour
 c - a +0 buckler (worn)
 w - a +0 pair of gloves (worn)
 z - a +0 plate armour
 D - a +0 crystal plate armour (worn)
 E - a +3 ring mail
 F - a +4 ring mail
Magical Staves
 x - a staff of poison
 Q - a staff of earth
Jewellery
 l - a ring of magical power
 s - a ring of magical power
 N - a +6 ring of dexterity (right hand)
 V - a +4 ring of evasion (left hand)
 X - a ring of positive energy
 Z - a ring of see invisible
Wands
 t - a wand of polymorph (7)
 A - a wand of paralysis (23) (quivered)
 G - a wand of flame (20)
 J - a wand of mindburst (35)
 M - a wand of acid (9)
Scrolls
 b - a scroll of enchant armour {unknown}
 e - 2 scrolls of fog {unknown}
 i - 3 scrolls of enchant weapon
 j - a scroll of summoning {unknown}
 k - 2 scrolls of fear {unknown}
 n - a scroll of acquirement
 u - 2 scrolls of noise {unknown}
 v - a scroll of immolation {unknown}
 H - 4 scrolls of identify
 I - 3 scrolls of teleportation {unknown}
 K - a scroll of blinking {unknown}
 U - a scroll of amnesia {unknown}
 Y - a scroll of torment {unknown}
Potions
 f - a potion of berserk rage {unknown}
 q - 3 potions of haste
 B - 3 potions of brilliance {unknown}
 O - a potion of ambrosia {unknown}
 R - a potion of might
 T - 2 potions of cancellation {unknown}
 W - a potion of flight {unknown}


   Skills:
 * Level 12.0(17.0) Fighting
 + Level 10.4(15.4) Axes
 + Level 9.0(14.0) Armour
 * Level 12.7(17.7) Shields
 - Level 3.1 Invocations


You had 9 spell levels left.
You didn't know any spells.
Your spell library contained the following spells:

 Spells                   Type           Power      Damage    Failure   Level
 Summon Small Mammal      Summ           Unusable   N/A       N/A         1
 Call Canine Familiar     Summ           Unusable   N/A       N/A         3
 Summon Guardian Golem    Hex/Summ       Unusable   N/A       N/A         3

Dungeon Overview and Level Annotations

Branches:
Dungeon (8/15)             Temple (1/1) D:6            Lair (1/6) D:8

Altars:
Ashenzari
Dithmenos
Fedhas
Gozag
Hepliaklqana
Nemelex Xobeh
Okawaru
Qazlal
Uskayaw
Vehumet
Xom

Shops:
D:3 [   D:7 ?:[?


Innate Abilities, Weirdness & Mutations

You have a pair of horns on your head.
You reflexively headbutt those who attack you in melee.


Message History

You block the 13-headed hydra's attack. The 13-headed hydra barely misses you.
The 13-headed hydra bites you but does no damage.
You feel much better. You block the 13-headed hydra's attack.
The 13-headed hydra closely misses you. The 13-headed hydra misses you.
The 13-headed hydra bites you but does no damage.
You block the 13-headed hydra's attack.
The 13-headed hydra bites you but does no damage.
The 13-headed hydra misses you.
The 13-headed hydra bites you but does no damage.
The 13-headed hydra barely misses you. The 13-headed hydra closely misses you.
The 13-headed hydra bites you but does no damage.
You block the 13-headed hydra's attack. The 13-headed hydra barely misses you.
You fade into invisibility!
The 13-headed hydra barely misses you. You block the 13-headed hydra's attack.
The 13-headed hydra closely misses you. The 13-headed hydra bites you!
* * * LOW HITPOINT WARNING * * *
You block the 13-headed hydra's attack.
The 13-headed hydra bites you but does no damage. x2
The 13-headed hydra closely misses you. The 13-headed hydra bites you!
* * * LOW HITPOINT WARNING * * *
The 13-headed hydra bites you but does no damage. x3
The 13-headed hydra closely misses you.
You barely miss the 13-headed hydra.
The 13-headed hydra is moderately wounded.
Aiming: Paralyse
Press: ? - help, Shift-Dir - straight line, f - 13-headed hydra
Aim: a 13-headed hydra (moderately wounded, chance to affect: 17%)
Okay, then.
Cleave: a) +1 war axe
Press: ? - help, Dir - move target, f - 13-headed hydra
Aim: a 13-headed hydra (moderately wounded, about 15% to evade your +1 war axe)
Okay, then.
You feel yourself speed up. The 13-headed hydra misses you.
You furiously retaliate!
You headbutt the 13-headed hydra. The 13-headed hydra bites you!
* * * LOW HITPOINT WARNING * * *
The 13-headed hydra bites you but does no damage.
The 13-headed hydra bites you.
You die...
Okawaru crowns the 13-headed hydra victorious!

##..p▓p▓p..#
##▓▓▓▓▓▓▓▓▓▓ ##
#.▓........ ▓.#
#.▓.#.....#.▓.#
#p▓.........▓p#
#▓▓.........▓▓#
#p▓....∩....▓∩#
#▓▓...D.....▓▓#
#p▓..@......▓p#
#.▓.#.....#.▓.#
#.▓ ........▓.#
## ▓▓▓▓▓▓▓▓▓▓##
#..p▓p▓p..##
###########


You could see a 13-headed hydra.

Vanquished Creatures
  3 death yaks (D:8)
  The ghost of Vizrt the Bolt Thrower, a novice FoHu (D:6)
  2 cane toads (Lair:1)
  Prince Ribbit (D:8)
  Grinder (D:5)
  Sigmund (D:3)
  A wyvern (D:7)
  A wraith (D:8)
  A steam dragon (D:6)
  Eustachio (D:6)
  3 yaks (Lair:1)
  Edmund (D:6)
  5 water moccasins
  An orc warrior (D:6)
  An ice beast (D:6)
  A black bear (D:5)
  3 ogres
  2 centaurs
  A phantom (D:6)
  4 bullfrogs
  Blork the orc (D:6)
  3 scorpions (D:5)
  9 killer bees
  A howler monkey (D:4)
  A bullfrog zombie (D:6)
  3 centaur zombies
  3 jellies
  2 hounds
  2 orc priests
  A bullfrog skeleton (D:7)
  A centaur skeleton (D:4)
  A gnoll shaman (D:7)
  3 iguanas
  3 orc wizards
  A hound skeleton (D:5)
  3 howler monkey zombies
  11 gnolls
  A howler monkey skeleton (D:7)
  8 adders
  A river rat (D:8)
  2 ufetubi (D:5)
  A worm (D:3)
  5 dart slugs
  17 orcs
  4 bats
  6 endoplasms
  6 giant cockroaches
  3 goblins
  4 hobgoblins
  2 jackals (D:5)
  8 kobolds
  2 quokkas
  3 ball pythons
  4 frilled lizards
  6 rats
167 creatures vanquished.

Vanquished Creatures (others)
  3 fungi (Lair:1)
  3 plants (Lair:1)
6 creatures vanquished.

Grand Total: 173 creatures vanquished

Notes
Turn   | Place    | Note
-------+----------+-------------------------------------------
     0 | D:1      | NotAPresident the Minotaur Fighter began the quest for the
                  | Orb.
     0 | D:1      | Reached XP level 1. HP: 19/19 MP: 0/0
   152 | D:1      | Found a faded altar of an unknown god.
   337 | D:1      | Reached XP level 2. HP: 26/27 MP: 1/1
  1038 | D:2      | Reached XP level 3. HP: 13/33 MP: 2/2
  1625 | D:2      | Found a hazy altar of Hepliaklqana.
  1649 | D:2      | Reached XP level 4. HP: 17/41 MP: 3/3
  2277 | D:3      | Found a hazy altar of Hepliaklqana.
  2292 | D:3      | Noticed Sigmund
  2353 | D:3      | Killed Sigmund
  2354 | D:3      | Reached skill level 5 in Fighting
  2354 | D:3      | Reached XP level 5. HP: 48/48 MP: 4/4
  2434 | D:3      | Reached XP level 6. HP: 21/56 MP: 5/5
  2445 | D:3      | Found a shimmering altar of Xom.
  2709 | D:3      | Found Tigy's Antique Armour Shoppe.
  2852 | D:3      | Reached skill level 5 in Armour
  3082 | D:3      | Reached skill level 5 in Axes
  3842 | D:4      | Found an iron altar of Okawaru.
  3868 | D:4      | Became a worshipper of Warmaster Okawaru
  3932 | D:4      | Reached skill level 5 in Shields
  4203 | D:5      | Entered Level 5 of the Dungeon
  4210 | D:5      | Identified a scroll of acquirement
  4219 | D:5      | Reached XP level 7. HP: 62/63 MP: 6/6
  4285 | D:5      | Found a radiant altar of Vehumet.
  4542 | D:5      | Noticed Grinder
  4544 | D:5      | Paralysed by Grinder for 2 turns
  4622 | D:5      | Killed Grinder
  4622 | D:5      | Reached * piety under Okawaru
  4623 | D:5      | Reached XP level 8. HP: 44/73 MP: 7/7
  5196 | D:5      | Reached skill level 1 in Invocations
  5444 | D:6      | Reached ** piety under Okawaru
  5459 | D:6      | Noticed Edmund
  5477 | D:6      | Killed Edmund
  5662 | D:6      | Found a broken altar of Ashenzari.
  5705 | D:6      | Noticed Eustachio
  5717 | D:6      | Killed Eustachio
  5727 | D:6      | Found a runed translucent gate.
  5728 | D:6      | Noticed Vizrt's ghost (novice FoHu)
  5728 | D:6      | Found a runed translucent gate.
  5728 | D:6      | Found a runed translucent gate.
  5798 | D:6      | Found a staircase to the Ecumenical Temple.
  5833 | D:6      | Reached XP level 9. HP: 77/82 MP: 9/9
  5838 | Temple   | Entered the Ecumenical Temple
  5937 | D:6      | Noticed Blork the orc
  5945 | D:6      | Killed Blork the orc
  6779 | D:6      | Killed Vizrt's ghost
  6779 | D:6      | Reached *** piety under Okawaru
  7073 | D:7      | Found Bamimadgh's Antique Armour Shoppe.
  7130 | D:7      | Found Guihenn's Book Emporium.
  7200 | D:7      | Reached skill level 10 in Fighting
  7341 | D:7      | Found Poka's Magic Scroll Shoppe.
  7433 | D:7      | Found a sparkling altar of Nemelex Xobeh.
  7531 | D:7      | Found Keosmimo's Magic Scroll Shoppe.
  7621 | D:7      | Found a shadowy altar of Dithmenos.
  7633 | D:7      | Found an opulent altar of Gozag.
  8052 | D:8      | Reached **** piety under Okawaru
  8053 | D:8      | Reached XP level 10. HP: 82/94 MP: 11/11
  8238 | D:8      | Noticed a death yak
  8238 | D:8      | Noticed a death yak
  8241 | D:8      | Found a staircase to the Lair.
  8241 | D:8      | Noticed a death yak
  8251 | D:8      | Killed a death yak
  8252 | D:8      | Reached skill level 10 in Shields
  8261 | D:8      | Killed a death yak
  8264 | D:8      | Killed a death yak
  8264 | D:8      | Reached ***** piety under Okawaru
  8265 | D:8      | Reached skill level 10 in Axes
  8631 | D:8      | Noticed Prince Ribbit
  8640 | D:8      | Killed Prince Ribbit
  8935 | Lair:1   | Entered Level 1 of the Lair of Beasts
  8958 | Lair:1   | Noticed a cane toad
  8969 | Lair:1   | Killed a cane toad
  9411 | Lair:1   | Noticed a cane toad
  9418 | Lair:1   | Noticed a seven-headed hydra
  9420 | Lair:1   | Killed a cane toad
  9424 | Arena    | Entered the Arena
  9438 | Arena    | HP: 3/97 [13-headed hydra (8)]
  9438 | Arena    | Slain by a 13-headed hydra

Illustrated notes

Levels and vault maps discovered:
D:1:      ncdulo_watergridlock, layout_basic, serial_corexii_hall,
          corexii_hall_statues_x, chequers_hall_statues_y,
          corexii_hall_statues_i, chequers_hall_statues_y,
          corexii_hall_statues_x, corexii_hall_statues_t,
          ebering_ecumenical_altar_sacrificial, minmay_tetromino_i2
D:2:      layout_basic, basic_altar
D:3:      layout_loops_ring, nicolae_overflow_crystal_walls,
          overflow_temple_1_default, serial_shops, shop, uniq_sigmund
D:4:      layout_cave_pods, okawaru_altar_gauntlet_db
D:5:      layout_loops_ring, nicolae_overflow_hidden_temple,
          kennysheep_generic_room_5, uniq_grinder
D:6:      layout_basic, nicolae_ashenzari_panopticon,
          minmay_temple_entry_mini_moons, gammafunk_ghost_split, uniq_edmund,
          uniq_blork_the_orc, uniq_eustachio
D:7:      layout_loops_ring, nemelex_dance_club_becter,
          amethyst_overflow_temple_binary, serial_shops, nicolae_shop_crystal,
          nicolae_take_the_stairs, nicolae_shop_stone, kennysheep_mini
D:8:      layout_basic, dpeg_lair_monsters, uniq_prince_ribbit1
Temple:   dpeg_chambers_temple
Lair:1:   layout_hall_layers
Arena

Skill      XL: |  1  2  3  4  5  6  7  8  9 10 |
---------------+-------------------------------+-----
Armour         | 4 5 6 7 9 |  9.0
Fighting       | 4 5 6 7 8 10 12 | 12.0
Axes           | 3 4 5 6 8 9 10 | 10.4
Shields        | 4 5 6 9 12 | 12.7
Invocations    | 2 3 |  3.1

Action                   |  1- 3 |  4- 6 |  7- 9 | 10-12 || total
-------------------------+-------+-------+-------+-------++-------
Melee: War axe           |    71 |    99 |   246 |    98 ||   514
       Headbutt          |    10 |    17 |    46 |    27 ||   100
Throw: Stone             |     2 |     9 |     3 |       ||    14
       Throwing net      |     1 |     1 |       |       ||     2
       Javelin           |       |       |     1 |       ||     1
Invok: Heroism           |       |       |     1 |     2 ||     3
       Finesse           |       |       |       |     1 ||     1
       Duel              |       |       |       |     1 ||     1
Evoke: Wand              |       |       |     5 |     2 ||     7
  Use: Potion            |       |     3 |     4 |     5 ||    12
       Scroll            |       |     4 |     1 |       ||     5
 Stab: Paralysed         |       |       |     4 |     1 ||     5
Armor: Scale mail        |    34 |    23 |       |       ||    57
       Skin              |       |     1 |       |       ||     1
       Crystal plate arm |       |    31 |   171 |   111 ||   313
Dodge: Dodged            |    33 |    34 |    44 |    58 ||   169
Block: Buckler           |    23 |    20 |    66 |    53 ||   162
